Map: Lost and Found LE

Players

Zanster - Winner!

  • Race: Zerg Zerg
  • Spawn Location: 1:00

SKillous (Elroye)

  • Race: Zerg Zerg
  • Spawn Location: 7:00

Event: WCS Valencia 2018

VOD

Have the link to the VOD?

Description

Time

  • Played on: July 12, 2018, 9:44 a.m.
  • Length: 3:59

All games in this series

Show
View Real Time Build Order
Export as new Build Order

Zanster Zerg - Winner!

Build Orders: Pool Only 

Get SALT Encoding   

  12  0:17  Spawning Pool  
  11  0:21  Drone  
  11  0:26  Drone  
  13  0:30  Drone  
  14  0:40  Overlord  
  14  1:04  Zergling x2  
  14  1:05  Zergling x4  
  17  1:17  Zergling x2  
  18  1:27  Zergling x2  
  19  1:37  Zergling x2  
  20  1:48  Zergling x2  
  21  1:55  Spine Crawler  
  21  1:57  Spine Crawler  
  19  2:04  Zergling x2  
  20  2:15  Zergling x2  
  14  2:32  Zergling x2  
  14  2:56  Zergling x2  
  15  3:13  Zergling x2  
  16  3:27  Zergling x4  
  16  3:32  Zergling x2  
Show
View Real Time Build Order
Export as new Build Order

SKillous Zerg 

Build Orders: Hatch First 

Get SALT Encoding   

  12  0:00  Drone  
  13  0:12  Overlord  
  13  0:16  Drone  
  14  0:30  Drone x2  
  14  0:35  Drone  
  17  0:50  Hatchery  
  17  0:53  Drone  
  17  0:56  Drone  
  18  1:03  Extractor  
  17  1:12  Spawning Pool  
  17  1:15  Drone  
  17  1:17  Drone  
  18  1:27  Drone  
  19  1:38  Overlord  
  19  1:49  Drone  
  20  2:01  Zergling x2, Queen, Spine Crawler  
  22  2:03  Zergling x2  
  23  2:12  Zergling x2  
  7  2:49  Zergling x2  
  8  3:04  Drone  
  9  3:17  Drone  
  10  3:25  Drone  
  11  3:31  Drone  
Tags
 
Add a new tag
Caveats
  • Supply blocks, unpowered buildings, or Contaminate may cause inaccurate times.
  • Supply counts are checked every 10 seconds.